 Dungeon Crawl Stone Soup version 0.20.0-1-g1cb1d84 (webtiles) character file.

95 skittles the Firebug (level 4, -11/33 HPs)
             Began as a Draconian Fire Elementalist on May 26, 2017.
             Killed by nerve-wracking pain
             ... invoked by Grinder
              (13 damage)
             ... on level 3 of the Dungeon.
             The game lasted 00:03:58 (2135 turns).

skittles the Firebug (Draconian Fire Elementalist)  Turns: 2135, Time: 00:03:59

Health: -11/33     AC:  5    Str: 10    XL:     4   Next: 40%
Magic:  1/7        EV: 12    Int: 17    God:
Gold:   107        SH:  0    Dex: 11    Spells: 3/7 levels left

rFire    . . .     SeeInvis .   f - +0 spear
rCold    . . .     Gourm    .   (no shield)
rNeg     . . .     Faith    .   (armour unavailable)
rPois    .         Spirit   .   (helmet restricted)
rElec    .         Reflect  .   (no cloak)
rCorr    .         Harm     .   (no gloves)
MR       .....                  (no boots)
Stlth    ++........             (no amulet)
Regen    0.2/turn               (no ring)
MPRegen  0.1/turn               (no ring)

@: no status effects
A: unfitting armour, cold-blooded, AC +5
a: no special abilities


You were on level 3 of the Dungeon.
You were hungry.

You visited 1 branch of the dungeon, and saw 3 of its levels.

You collected 107 gold pieces.

Inventory:

Hand Weapons
 f - a +0 spear (weapon)
Wands
 d - a wand of acid (11/15)
Scrolls
 c - a scroll of amnesia
 g - 2 scrolls of identify
 i - a scroll of fear
 l - a scroll of recharging {unknown}
Potions
 e - a potion of berserk rage {unknown}
 h - a potion of brilliance
 k - a potion of heal wounds {unknown}
 n - a potion of haste {unknown}
Books
 a - a book of Flames

   Spells                             Type                      Level
   a - Flame Tongue                   Conjuration/Fire             1
   b - Throw Flame                    Conjuration/Fire             2
   c - Conjure Flame                  Conjuration/Fire             3
   d - Inner Flame                    Hexes/Fire                   3
   e - Sticky Flame                   Conjuration/Fire             4
   f - Fireball                       Conjuration/Fire             5
Comestibles
 b - 4 bread rations
 j - a royal jelly


   Skills:
 - Level 1.7 Dodging
 - Level 1.7 Stealth
 - Level 2.0 Spellcasting
 + Level 3.1 Conjurations
 + Level 4.2 Fire Magic


You had 3 spell levels left.
You knew the following spells:

 Your Spells              Type           Power        Failure   Level  Hunger
a - Flame Tongue          Conj/Fire      ##...        4%          1    #......
b - Conjure Flame         Conj/Fire      ##......     13%         3    ###....


Dungeon Overview and Level Annotations

Branches:
Dungeon (3/15)

Altars:

Annotations:
D:3 Grinder


Innate Abilities, Weirdness & Mutations

Your plain brown scales are hard. (AC +5)
You cannot fit into any form of body armour.
You are cold-blooded and may be slowed by cold attacks.


Message History

Unknown command.
Grinder gestures at you. Pain shoots through your body!
* * * LOW HITPOINT WARNING * * *
Casting: Flame Tongue
Confirm with . or Enter, or press ? or * to list all spells.
Aiming: Flame Tongue
Press: ? - help, Shift-Dir - straight line, f/p - Grinder
Aim: Grinder (heavily wounded)
The flame tongue hits Grinder.
Grinder is heavily wounded.
Grinder hits you.
* * * LOW HITPOINT WARNING * * *
You writhe in agony.
* * * LOW HITPOINT WARNING * * *
You closely miss Grinder.
Grinder is heavily wounded.
Grinder gestures at you. Pain shoots through your body!
You die...

## ..
#.################
#.........@5.....#
#$(#############.#
#.. #.# #.. #.#
#.. #.# ... #.#
##.# #.# #.# #.
#.# #.. #.# #.#


You could see Grinder.

Vanquished Creatures
  Jessica (D:3)
  2 adders (D:2)
  2 worms (D:2)
  A ball python (D:2)
  A giant cockroach (D:2)
  7 goblins
  8 hobgoblins
  4 jackals (D:2)
  4 bats
  7 kobolds
  6 rats
43 creatures vanquished.

Notes
Turn   | Place    | Note
-------+----------+-------------------------------------------
     0 | D:1      | skittles the Draconian Fire Elementalist began the quest for the Orb.
     0 | D:1      | Reached XP level 1. HP: 14/14 MP: 3/3
   409 | D:1      | Reached XP level 2. HP: 19/20 MP: 5/5
   827 | D:2      | Reached XP level 3. HP: 21/26 MP: 6/6
  1059 | D:2      | Learned a level 3 spell: Conjure Flame
  1456 | D:2      | Reached skill level 4 in Fire Magic
  1736 | D:2      | Found a faded altar of an unknown god.
  1784 | D:2      | Reached XP level 4. HP: 30/33 MP: 7/7
  1876 | D:3      | Noticed Jessica
  1888 | D:3      | Killed Jessica
  2113 | D:3      | Noticed Grinder
  2135 | D:3      | Killed from afar by Grinder

Skill      XL: |  1  2  3  4 |
---------------+-------------+-----
Conjurations   | 2 3 |  3.1
Fire Magic     | 4 |  4.2
Dodging        | |  1.7
Stealth        | |  1.7
Spellcasting   | |  2.0

Action                   |  1- 3 |  4- 6 || total
-------------------------+-------+-------++-------
Melee: Spear             |   115 |    15 ||   130
       Short sword       |     6 |       ||     6
       Tailslap          |     2 |       ||     2
 Cast: Flame Tongue      |    21 |     8 ||    29
       Conjure Flame     |       |     1 ||     1
  Use: Scroll            |     6 |       ||     6
 Stab: Sleeping          |     3 |     1 ||     4
  Eat: Chunk             |     3 |     1 ||     4
Armor: Skin              |    47 |       ||    47
Dodge: Dodged            |    79 |       ||    79
